 Dungeon Crawl Stone Soup version 0.21.1-1-g345015f (webtiles) character file.

16431 infcreate the Cleaver (level 12, -6/105 HPs)
             Began as a Minotaur Fighter on May 15, 2018.
             Was an Elder of Trog.
             Killed from afar by bmj180's ghost (15 damage)
             ... with an iron shot
             ... on level 1 of the Lair of Beasts.
             The game lasted 01:06:10 (13281 turns).

infcreate the Cleaver (Minotaur Fighter)           Turns: 13281, Time: 01:06:10

Health: -6/105     AC: 21    Str: 30    XL:     12   Next: 10%
Magic:  11/11      EV:  9    Int:  5    God:    Trog [****..]
Gold:   80         SH: 21    Dex: 10    Spells: 11/11 levels left

rFire    . . .     SeeInvis +   a - +1 war axe
rCold    . . .     Gourm    .   c - +1 shield
rNeg     . . .     Faith    .   O - +1 plate armour "Loboad" {Str+2}
rPois    +         Spirit   .   k - +1 hat {SInv}
rElec    .         Reflect  +   e - +2 cloak {rPois}
rCorr    .         Harm     .   (no gloves)
MR       +....                  E - +0 pair of boots
Stlth    ..........             C - +6 amulet of reflection
HPRegen  0.27/turn              h - +2 ring of strength
MPRegen  0.12/turn              r - ring of protection from magic

@: no status effects
A: retaliatory headbutt, horns 2
a: Berserk, Trog's Hand, Brothers in Arms, Burn Spellbooks, Renounce Religion


You were on level 1 of the Lair of Beasts.
You worshipped Trog.
Trog was greatly pleased with you.
You were not hungry.

You visited 3 branches of the dungeon, and saw 13 of its levels.

You collected 550 gold pieces.
You spent 470 gold pieces at shops.

Inventory:

Hand Weapons
 a - a +1 war axe (weapon)
Armour
 c - a +1 shield (worn)
 e - a +2 cloak of poison resistance (worn)
 k - a +1 hat of see invisible (worn)
 t - a scarf of cloud immunity
 E - a +0 pair of boots (worn)
 O - the +1 plate armour "Loboad" (worn) {Str+2}
   (You bought it in a shop on level 5 of the Dungeon)

   It affects your strength (+2).
Jewellery
 h - a +2 ring of strength (left hand)
 r - a ring of protection from magic (right hand)
 C - a +6 amulet of reflection (around neck)
 D - an uncursed amulet of regeneration
Scrolls
 b - a scroll of random uselessness {unknown}
 g - 3 scrolls of identify
 l - 2 scrolls of immolation
 m - a scroll of amnesia
 o - a scroll of teleportation {unknown}
 p - a scroll of noise
 q - a scroll of blinking {unknown}
 s - 2 scrolls of fog
 u - a scroll of enchant weapon
 x - 3 scrolls of fear
 z - 2 scrolls of enchant armour
 B - a scroll of vulnerability {unknown}
 F - 2 scrolls of remove curse
 G - a scroll of holy word {unknown}
Potions
 d - a potion of might
 i - 2 potions of cancellation {unknown}
 j - a potion of magic
 n - 2 potions of curing
 v - 2 potions of mutation {unknown}
 w - a potion of agility {unknown}
 A - 2 potions of degeneration {unknown}
 H - a potion of flight {unknown}
 J - a potion of invisibility
 K - a potion of brilliance {unknown}
 N - 2 potions of ambrosia {unknown}
Comestibles
 f - 17 rations


   Skills:
 + Level 9.5 Fighting
 + Level 13.9 Axes
 + Level 10.8 Armour
 + Level 3.6 Dodging
 + Level 13.0 Shields


You had 11 spell levels left.
You didn't know any spells.

Dungeon Overview and Level Annotations

Branches:
Dungeon (11/15)            Temple (1/1) D:7            Lair (1/6) D:11
    Orc (0/2) D:10

Altars:
Ashenzari
Dithmenos
Gozag
Hepliaklqana
Kikubaaqudgha
Nemelex Xobeh
Okawaru
Qazlal
Sif Muna
Trog
Wu Jian
Xom

Shops:
D:4 }   D:5 *   D:10 [

Annotations:
Lair:1 bmj180's ghost, journeyman GrEE


Innate Abilities, Weirdness & Mutations

You reflexively headbutt those who attack you in melee.
You have a pair of horns on your head.


Message History

You slash the ice dragon!
You headbutt the ice dragon, but do no damage.
The ice dragon is moderately wounded.
You hit bmj180's ghost but do no damage.
The ice dragon breathes frost at you. The blast of cold hits you!
* * * LOW HITPOINT WARNING * * *
You block bmj180's ghost's attack.
As you read the scroll labeled TAORIA LASUPS, it crumbles to dust.
You feel as if something is helping you.
It was a scroll of remove curse.
The ice dragon bites you but does no damage.
You block the ice dragon's attack. x2
Bmj180's ghost hits you but does no damage.
The ice dragon breathes frost at you. The blast of cold hits you!
* * * LOW HITPOINT WARNING * * *
Bmj180's ghost casts a spell at you. The iron shot hits you!
You die...

#### ####≈≈≈####
....≈≈≈≈..###
!....≈≈≈....##
$$..≈≈≈......###
$$≈≈≈≈....W....#####
≈≈≈≈≈≈....D.@......######
≈≈≈≈≈........#####......#
≈≈≈≈≈.......## ######.##
≈≈≈≈≈≈...#### #..#
≈≈≈≈###### ##.# ≈≈≈≈
####.# ≈≈# #....# #.####
.#
#################.#####.#


You could see an ice dragon and bmj180's ghost.

Vanquished Creatures
  Gastronok (Lair:1)
  A hydra (D:10)
  2 two-headed ogres (D:11)
  An ugly thing (D:11)
  A manticore (D:11)
  A black mamba (Lair:1)
  Maurice (D:11)
  A spiny frog (Lair:1)
  The ghost of p0werm0de the Sneak, a novice OpWn of Uskayaw (D:7)
  A komodo dragon (D:11)
  2 trolls
  A hornet (D:10)
  A hippogriff (D:10)
  A meliai zombie (D:10)
  Sigmund (D:6)
  15 yaks
  A wyvern (D:11)
  A hungry ghost (D:8)
  3 water moccasins
  2 porcupines (D:11)
  A sky beast (D:9)
  5 black bears
  6 orc warriors
  An ice beast (D:10)
  4 phantoms
  3 ogres
  3 wolves (D:11)
  5 centaurs
  6 crocodiles
  A big kobold (D:10)
  5 bullfrogs
  A gnoll sergeant (D:11)
  4 scorpions
  A water moccasin skeleton (D:8)
  10 wights
  10 killer bees
  A howler monkey (D:6)
  A centaur zombie (D:10)
  4 crimson imps
  A bullfrog zombie (D:8)
  5 hounds
  6 orc priests
  2 centaur skeletons
  3 jellies
  10 orc wizards
  Jessica (D:2)
  3 bullfrog skeletons
  3 iguanas
  Ijyb (D:3)
  11 worker ants
  2 hound skeletons
  Robin (D:3)
  15 gnolls
  10 adders
  A howler monkey skeleton (D:9)
  5 shadow imps
  An adder zombie (D:7)
  2 worms (D:2)
  3 dart slugs
  3 leopard geckos
  47 orcs
  5 bats
  3 giant cockroaches
  13 goblins
  9 hobgoblins
  9 jackals
  5 quokkas
  2 ball pythons
  4 frilled lizards
  6 kobolds
  A leopard gecko skeleton (D:4)
  2 quokka zombies
  12 rats
  A plant (D:11)
319 creatures vanquished.

Vanquished Creatures (others)
  3 centaurs
  A fungus (D:11)
  9 plants (D:11)
13 creatures vanquished.

Grand Total: 332 creatures vanquished

Notes
Turn   | Place    | Note
-------+----------+-------------------------------------------
     0 | D:1      | infcreate the Minotaur Fighter began the quest for the Orb.
     0 | D:1      | Reached XP level 1. HP: 19/19 MP: 0/0
   241 | D:1      | Reached XP level 2. HP: 17/27 MP: 1/1
   822 | D:1      | Reached XP level 3. HP: 33/33 MP: 2/2
  1560 | D:2      | Noticed Jessica
  1568 | D:2      | Killed Jessica
  1568 | D:2      | Reached XP level 4. HP: 40/40 MP: 3/3
  1983 | D:3      | Noticed Ijyb
  1992 | D:3      | Killed Ijyb
  2041 | D:3      | Reached XP level 5. HP: 47/47 MP: 4/4
  2759 | D:3      | Noticed Robin
  2766 | D:3      | Killed Robin
  2884 | D:4      | Reached skill level 5 in Axes
  2895 | D:4      | Reached XP level 6. HP: 20/53 MP: 5/5
  3127 | D:4      | Found a sparkling altar of Nemelex Xobeh.
  3175 | D:4      | Reached skill level 5 in Armour
  3181 | D:4      | Reached skill level 1 in Dodging
  3189 | D:4      | Reached skill level 5 in Shields
  3195 | D:4      | Reached skill level 5 in Fighting
  3605 | D:4      | Found Faemotoh's Gadget Boutique.
  3712 | D:4      | Reached XP level 7. HP: 58/61 MP: 6/6
  3848 | D:4      | Found a deep blue altar of Sif Muna.
  3848 | D:4      | Found an ornate altar of the Wu Jian Council.
  3853 | D:4      | Found an ancient bone altar of Kikubaaqudgha.
  3855 | D:4      | Found an opulent altar of Gozag.
  3856 | D:4      | Found a shimmering altar of Xom.
  4066 | D:5      | Entered Level 5 of the Dungeon
  4144 | D:5      | Found a shattered altar of Ashenzari.
  4385 | D:5      | Found Hostrit's General Store.
  4916 | D:6      | Noticed Sigmund
  5163 | D:6      | Reached XP level 8. HP: 69/69 MP: 7/7
  5172 | D:6      | Killed Sigmund
  5883 | D:7      | Found a staircase to the Ecumenical Temple.
  6474 | D:7      | Noticed p0werm0de's ghost (novice OpWn)
  6482 | D:7      | Killed p0werm0de's ghost
  6855 | D:8      | Reached XP level 9. HP: 75/75 MP: 8/8
  7044 | Temple   | Entered the Ecumenical Temple
  7071 | Temple   | Became a worshipper of Trog the Wrathful
  7401 | D:8      | Reached skill level 10 in Axes
  7605 | D:9      | Noticed a troll
  7873 | D:8      | Killed a troll
  8183 | D:9      | Noticed Maurice
  8207 | D:9      | Reached XP level 10. HP: 42/86 MP: 9/9
  8929 | D:9      | Reached * piety under Trog
  9199 | D:10     | Entered Level 10 of the Dungeon
  9445 | D:10     | Reached skill level 10 in Shields
  9512 | D:10     | Reached ** piety under Trog
 10152 | D:10     | Found Luemiot's Armour Boutique.
 10489 | D:10     | Found a staircase to the Orcish Mines.
 10827 | D:5      | Bought the cursed +1 plate armour "Loboad" {Str+2} for 470 gold pieces
 11029 | D:11     | Noticed a purple ugly thing
 11042 | D:11     | Killed a purple ugly thing
 11044 | D:11     | Reached XP level 11. HP: 63/94 MP: 10/10
 11290 | D:11     | Noticed a six-headed hydra
 11299 | D:11     | Reached skill level 10 in Armour
 11302 | D:11     | Reached *** piety under Trog
 11303 | D:11     | Noticed a two-headed ogre
 11566 | D:10     | Killed a ten-headed hydra
 11686 | D:11     | Killed a two-headed ogre
 12120 | D:11     | Found a staircase to the Lair.
 12333 | D:11     | Noticed a two-headed ogre
 12337 | D:11     | Killed Maurice
 12344 | D:11     | Killed a two-headed ogre
 12344 | D:11     | Reached **** piety under Trog
 12713 | Lair:1   | Entered Level 1 of the Lair of Beasts
 12900 | Lair:1   | Noticed Gastronok
 12921 | Lair:1   | Killed Gastronok
 12921 | Lair:1   | Reached XP level 12. HP: 65/105 MP: 11/11
 13264 | Lair:1   | Noticed an ice dragon
 13272 | Lair:1   | Noticed bmj180's ghost (journeyman GrEE)
 13281 | Lair:1   | Killed from afar by bmj180's ghost

Skill      XL: |  1  2  3  4  5  6  7  8  9 10 11 12 |
---------------+-------------------------------------+-----
Fighting       | 4 5 6 7 8 9 |  9.5
Armour         | 4 5 6 7 9 10 | 10.8
Shields        | 4 5 7 9 11 12 13 | 13.0
Axes           | 3 4 5 6 7 9 10 12 13 | 13.9
Dodging        | 1 2 3 |  3.6

Action                   |  1- 3 |  4- 6 |  7- 9 | 10-12 || total
-------------------------+-------+-------+-------+-------++-------
Melee: War axe           |   102 |    92 |   315 |   419 ||   928
       Headbutt          |     9 |    20 |    49 |   108 ||   186
       Unarmed           |       |       |       |    11 ||    11
Invok: Berserk           |       |       |       |     6 ||     6
       Burn Spellbooks   |       |       |       |     1 ||     1
       Trog's Hand       |       |       |       |     1 ||     1
  Use: Scroll            |     1 |     2 |     9 |     2 ||    14
       Potion            |       |     3 |     4 |     2 ||     9
  Eat: Chunk             |     2 |     5 |     6 |     5 ||    18
       Ration            |       |     1 |     3 |     5 ||     9
Armor: Scale mail        |    48 |    36 |    13 |       ||    97
       Chain mail        |       |       |   114 |    47 ||   161
       Plate armour      |       |       |       |   118 ||   118
       Skin              |       |       |       |     3 ||     3
Dodge: Dodged            |    32 |    28 |    75 |   111 ||   246
Block: Shield            |    58 |    52 |   300 |   459 ||   869
       Reflection        |       |       |     3 |    25 ||    28
